 Dungeon Crawl Stone Soup version 0.23.2-33-g5129a83184 (webtiles) character file.

Game seed: 32778167383961283

105 dvd the Cudgeler (level 4, 0/42 HPs)
             Began as a Troll Skald on July 7, 2019.
             Killed by divine providence
             ... invoked by an orc priest
              (9 damage)
             ... on level 3 of the Dungeon.
             The game lasted 00:05:44 (2130 turns).

dvd the Cudgeler (Troll Skald)                      Turns: 2130, Time: 00:05:44

Health: 0/42       AC:  6    Str: 23    XL:     4   Next: 54%
Magic:  5/5        EV: 10    Int: 10    God:
Gold:   178        SH:  0    Dex:  9    Spells: 3/6 levels left

rFire    . . .     SeeInvis .   a - +0 mace
rCold    . . .     Gourm    +   (no shield)
rNeg     . . .     Faith    .   b - +0 robe
rPois    .         Spirit   .   (helmet restricted)
rElec    .         Reflect  .   (no cloak)
rCorr    .         Harm     .   (gloves unavailable)
MR       .....                  (boots unavailable)
Stlth    ++........             (no amulet)
HPRegen  0.54/turn              o - +4 ring of strength
MPRegen  0.09/turn              u - ring of stealth

@: no status effects
A: large, unfitting armour, claws 3, fast metabolism 3, gourmand, regeneration
1, shaggy fur 1, tough skin 3
a: no special abilities


You were on level 3 of the Dungeon.
You were very full.

You visited 1 branch of the dungeon, and saw 3 of its levels.

You collected 178 gold pieces.

Inventory:

Hand Weapons
 a - a +0 mace (weapon)
 g - a +2 dagger of venom
 k - a +0 hand axe
Armour
 b - a +0 robe (worn)
Jewellery
 h - an uncursed ring of fire
 o - a +4 ring of strength (left claw)
 u - a ring of stealth (right claw)
Scrolls
 c - 3 scrolls of remove curse {unknown}
 f - a scroll of teleportation {unknown}
 l - 3 scrolls of identify {unknown}
 q - a scroll of amnesia {unknown}
 t - a scroll of enchant weapon {unknown}
 v - a scroll of noise {unknown}
Potions
 e - a potion of heal wounds
 i - a potion of agility {unknown}
 j - 2 potions of brilliance {unknown}
 m - 2 potions of curing {unknown}
 n - a potion of invisibility {unknown}
 p - a potion of cancellation {unknown}
 s - a potion of flight {unknown}
Comestibles
 d - 6 rations
 r - a chunk of flesh


   Skills:
 + Level 1.8 Fighting
 + Level 0.6(1.5) Axes
 + Level 2.5(2.6) Maces & Flails
 + Level 2.3 Dodging
 + Level 1.6 Spellcasting
 + Level 2.4 Charms
 + Level 0.4 Translocations


You had 3 spell levels left.
You knew the following spells:

 Your Spells              Type           Power        Failure   Level  Hunger
a - Infusion              Chrm           #...         12%         1    ##.....
b - Shroud of Golubria    Chrm/Tloc      #.........   26%         2    ###....

Your spell library contained the following spells:

 Spells                   Type           Power        Failure   Level  Hunger
 Song of Slaying          Chrm           #.......     19%         2    ###....
 Regeneration             Chrm/Necr      #.........   52%         3    ####...
 Spectral Weapon          Hex/Chrm       #.......     52%         3    ####...


Dungeon Overview and Level Annotations

Branches:
Dungeon (3/15)

Altars:
Zin


Innate Abilities, Weirdness & Mutations

You are too large for most types of armour.
You have claws for hands.
Your metabolism is lightning-fast.
You like to eat raw meat.
Your natural rate of healing is unusually fast.
You are covered in fur. (AC +1)
You have extremely tough skin. (AC +3)


Message History

The orc throws a tomahawk.
The tomahawk closely misses you.
The tomahawk misses the crimson imp.
Items here: ( ) †† a tomahawk; a +0 flail; an orc corpse x2
The crimson imp closely misses you.
The orc throws a tomahawk.
The tomahawk hits you but does no damage.
You see here a tomahawk.
The crimson imp blinks!
The orc throws a tomahawk.
The tomahawk closely misses you.
The tomahawk barely misses the crimson imp.
The orc throws a tomahawk.
The tomahawk hits you.
* * * LOW HITPOINT WARNING * * *
You miss the crimson imp.
The crimson imp hits you but does no damage.
The crimson imp misses you. The crimson imp hits you.
* * * LOW HITPOINT WARNING * * *
The orc priest mumbles some strange prayers to Beogh against you.
Beogh smites you!
You die...

#...####(########......##.#
## #S# ##+###....# ##o###
#######....# #....#
#.....'....+ #.# #..o[#
##'#####....# #.# #....#
#......#....# ###.# #....#
#......#....# ....# #..5.#
#......###### ....### #...@#
#......# ......# #....##
#......#
......###+####....###......#
...((..)..........'.....(..#
....#.#)..........##########
#####.#...........# ## #
#.#(..........# #.. #
#.#........#### #.# #
#.#.#'###### #.#


You could see an orc priest, a crimson imp, an orc and a ball python.

Vanquished Creatures
  An orc priest (D:3)
  2 adders
  A dart slug (D:3)
  2 leopard geckos (D:1)
  2 orcs (D:3)
  8 bats
  4 giant cockroaches
  8 goblins
  7 hobgoblins
  A quokka (D:3)
  2 ball pythons (D:2)
  5 frilled lizards
  3 kobolds
  5 rats
51 creatures vanquished.

Notes
Turn   | Place    | Note
-------+----------+-------------------------------------------
     0 | D:1      | dvd the Troll Skald began the quest for the Orb.
     0 | D:1      | Reached XP level 1. HP: 19/19 MP: 1/1
   144 | D:1      | Reached XP level 2. HP: 27/27 MP: 2/2
   172 | D:1      | Learned a level 2 spell: Shroud of Golubria
   742 | D:1      | Reached XP level 3. HP: 35/35 MP: 0/4
  2007 | D:3      | Found a glowing silver altar of Zin.
  2077 | D:3      | Reached XP level 4. HP: 38/42 MP: 2/5
  2104 | D:3      | HP: 2/42 [orc priest/divine providence (12)]
  2130 | D:3      | Killed from afar by an orc priest

Skill      XL: |  1  2 |
---------------+-------+-----
Dodging        | 2 |  2.3
Maces & Flails | 2 |  2.5
Fighting       | |  1.8
Axes           | |  0.6
Spellcasting   | |  1.6
Charms         | |  2.4
Translocations | |  0.4

Action                   |  1- 3 |  4- 6 || total
-------------------------+-------+-------++-------
Melee: Mace              |   107 |    12 ||   119
       Hand axe          |    68 |     8 ||    76
 Cast: Infusion          |     1 |       ||     1
       Shroud of Golubri |    18 |     1 ||    19
  Use: Potion            |       |     2 ||     2
  Eat: Chunk             |    28 |       ||    28
Armor: Robe              |   107 |    11 ||   118
Dodge: Dodged            |   123 |    11 ||   134
